 Dungeon Crawl Stone Soup version 0.17-a0-854-g4a4ba72 (webtiles) character file.

30 FedoraBrony69 the Skirmisher (level 3, -5/51 HPs)
             Began as a Minotaur Berserker on Apr 28, 2015.
             Was a Follower of Trog.
             Killed from afar by Sigmund (10 damage)
             ... with a puff of flame
             ... on level 2 of the Dungeon.
             The game lasted 00:01:01 (815 turns).

FedoraBrony69 the Skirmisher (Minotaur Berserker)    Turns: 815, Time: 00:01:01

Health: -5/51      AC:  3    Str: 27    XL:     3   Next: 3%
Magic:  2/2        EV: 12    Int:  4    God:    Trog [*.....]
Gold:   151        SH:  0    Dex:  9    Spells: 0 memorised, 2 levels left

rFire  . . .     SeeInvis .     a - +0 falchion
rCold  . . .     Clarity  .     b - +0 animal skin
rNeg   . . .     SustAb   .     (no shield)
rPois  .         Gourm    .     (helmet restricted)
rElec  .         Spirit   .     k - +0 cloak
rCorr  .         Warding  .     (no gloves)
rMut   .         Stasis   .     (no boots)
MR     .....                    (no amulet)
Stlth  ..........               (no ring)
                                (no ring)

@: berserking, very quick, not resistant to hostile enchantments, extremely
unstealthy
A: retaliatory headbutt, horns 2
a: Burn Spellbooks, Berserk, Renounce Religion


You were on level 2 of the Dungeon.
You worshipped Trog.
Trog was aware of your devotion.
You were not hungry.

You visited 1 branch of the dungeon, and saw 2 of its levels.

You collected 151 gold pieces.

Inventory:

Hand weapons
 a - a +0 falchion (weapon)
Armour
 b - a +0 animal skin (worn)
 k - a +0 cloak (worn)
Magical devices
 s - a wand of digging (14)
Scrolls
 f - 2 scrolls of identify {unknown}
 h - a scroll of enchant weapon {unknown}
 i - a scroll of magic mapping {unknown}
 n - a scroll of noise {unknown}
 q - a scroll of teleportation {unknown}
Potions
 d - a potion of restore abilities {unknown}
 e - a potion of curing {unknown}
 g - 2 potions of lignification {unknown}
 l - 2 potions of heal wounds {unknown}
 m - a potion of brilliance {unknown}
 o - a potion of haste {unknown}
 r - a potion of flight {unknown}
 t - a potion of mutation {unknown}
Comestibles
 c - a bread ration
 j - a beef jerky
 p - 2 fruits


   Skills:
 + Level 4.4 Fighting
 + Level 4.4 Long Blades
 - Level 2.4 Armour
 - Level 2.1 Dodging


You had 2 spell levels left.
You didn't know any spells.

Dungeon Overview and Level Annotations

Branches:
Dungeon (2/15)

Altars:

Annotations:
D:2 Sigmund


Innate Abilities, Weirdness & Mutations

You reflexively headbutt those who attack you in melee.
You have a pair of horns on your head.


Message History

Use which ability? (? or * to list)
You can't do that.
Use which ability? (? or * to list)
You can't do that.
Use which ability? (? or * to list)
A red film seems to cover your vision as you go berserk!
You feel yourself moving faster!
You feel mighty!
You feel somewhat more hungry. Something hits you.
* * * LOW HITPOINT WARNING * * *
You slash something! You barely miss something.
You hear some strange, mumbled words.
A magic dart appears from out of thin air!
The magic dart hits you!
* * * LOW HITPOINT WARNING * * *
You miss something. You headbutt something.
You hear some strange, mumbled words.
A puff of flame appears from out of thin air!
The puff of flame hits you!
You die...

#.# ##..## #.# ###
#.## #.# ..# #.# #.#
#.# #.# #.# #.# #.#
#.# #.# #.# #.# #.#
#.#### #.# ###.###.#
#..... #.# #..@....#
####### #.#
#.####$.............
#.# #.# #####
#######
#.#########.#
#...........#
#############


There were no monsters in sight!

Vanquished Creatures
  2 adders (D:2)
  A giant gecko (D:2)
  A giant cockroach (D:1)
  A hobgoblin (D:2)
  3 kobolds
  A ball python (D:1)
  A bat (D:1)
  2 giant newts
  A goblin (D:1)
  2 rats (D:2)
15 creatures vanquished.

Notes
Turn   | Place    | Note
--------------------------------------------------------------
     0 | D:1      | FedoraBrony69, the Minotaur Berserker, began the quest for the Orb.
     0 | D:1      | Reached XP level 1. HP: 19/19 MP: 0/0
   482 | D:2      | Reached skill level 4 in Fighting
   482 | D:2      | Reached XP level 2. HP: 25/27 MP: 1/1
   684 | D:2      | Reached XP level 3. HP: 32/34 MP: 2/2
   798 | D:2      | Noticed Sigmund
   815 | D:2      | Killed from afar by Sigmund

Action                   || total
-------------------------++-------
Melee: Falchion          ||    34
Invok: Berserk           ||     1
